 Dungeon Crawl Stone Soup version 0.22-a0-833-g8522bf8 (webtiles) character file.

15600 Kuinu the Arsonist (level 12, -5/81 HPs)
             Began as a Yellow Draconian Fire Elementalist on July 25, 2018.
             Was an Elder of Vehumet.
             Slain by a sixfirhy (10 damage)
             ... summoned by a kobold demonologist
             ... on level 11 of the Dungeon.
             The game lasted 01:03:12 (14706 turns).

Kuinu the Arsonist (DrFE)                          Turns: 14706, Time: 01:03:13

Health: -5/81      AC: 13    Str: 11    XL:     12   Next: 2%
Magic:  1/25       EV: 12    Int: 21    God:    Vehumet [****..]
Gold:   212        SH:  0    Dex: 11    Spells: 5/30 levels left

rFire    x . .     SeeInvis .   N - staff of wizardry
rCold    + . .     Gourm    .   (no shield)
rNeg     . . .     Faith    .   (armour unavailable)
rPois    .         Spirit   .   (helmet restricted)
rElec    .         Reflect  .   l - +2 cloak {+Inv}
rCorr    +         Harm     .   k - +0 pair of gloves
MR       .....                  r - +0 pair of boots
Stlth    +++.......             (no amulet)
HPRegen  0.23/turn              a - ring of ice
MPRegen  0.19/turn              (no ring)

@: no status effects
A: spit acid, acid resistance, unfitting armour, cold-blooded, AC +8
a: Breathe Acid, Renounce Religion, Evoke Invisibility


You were on level 11 of the Dungeon.
You worshipped Vehumet.
Vehumet was greatly pleased with you.
You were not hungry.

You visited 2 branches of the dungeon, and saw 12 of its levels.

You collected 736 gold pieces.
You spent 524 gold pieces at shops.

Inventory:

Hand Weapons
 e - a +0 short sword
 u - the +0 short sword "Nasirirph" {pierce, +Blink rPois Dex+5}
   (You found it on level 4 of the Dungeon)

   It inflicts extra damage upon your enemies.
   It affects your dexterity (+5).
   It protects you from poison.
   It lets you blink.
 J - a +3 great sword
 O - a +1 whip of freezing
 Q - a +0 dagger of speed
Missiles
 y - 4 tomahawks of returning (quivered)
Armour
 k - a +0 pair of gloves (worn)
 l - a +2 cloak of invisibility (worn)
 r - a +0 pair of boots (worn)
 v - a +2 cloak
 M - a +0 buckler
 R - a +0 cloak
Magical Staves
 N - an uncursed staff of wizardry (weapon)
Jewellery
 a - a ring of ice (left hand)
 F - an uncursed ring of ice
Wands
 o - a wand of paralysis (43)
 s - a wand of digging (19)
 w - a wand of random effects (25)
 x - a wand of flame (41)
 D - a wand of acid (12)
 G - a wand of disintegration (18)
 I - a wand of iceblast (10)
Scrolls
 d - 2 scrolls of fear
 h - 5 scrolls of remove curse
 j - a scroll of summoning {unknown}
 n - 3 scrolls of enchant armour
 p - a scroll of holy word {unknown}
 q - a scroll of fog {unknown}
 z - 2 scrolls of enchant weapon {unknown}
 A - 2 scrolls of blinking {unknown}
 B - 4 scrolls of teleportation
 E - a scroll of magic mapping {unknown}
 H - 3 scrolls of amnesia
Potions
 c - a potion of flight {unknown}
 f - 3 potions of mutation
 g - 2 potions of lignification
 i - a potion of berserk rage
 m - a potion of invisibility {unknown}
 C - 2 potions of degeneration
 K - 2 potions of brilliance {unknown}
 L - a potion of haste {unknown}
 P - a potion of magic {unknown}
Miscellaneous
 t - a lightning rod (4/4)
Comestibles
 b - 31 rations


   Skills:
 - Level 1.7 Dodging
 + Level 7.6 Stealth
 * Level 9.9 Spellcasting
 * Level 10.7 Conjurations
 * Level 10.9 Fire Magic


You had 5 spell levels left.
You knew the following spells:

 Your Spells              Type           Power        Failure   Level  Hunger
a - Flame Tongue          Conj/Fire      #####        1%          1    None
b - Throw Flame           Conj/Fire      ######       1%          2    None
c - Conjure Flame         Conj/Fire      ######..     1%          3    None
d - Sticky Flame          Conj/Fire      ######..     1%          4    ##.....
e - Shock                 Conj/Air       ####         1%          1    None
f - Fireball              Conj/Fire      ######....   1%          5    ####...
g - Magic Dart            Conj           ####         1%          1    None
h - Static Discharge      Conj/Air       ####....     1%          3    None
i - Poisonous Vapours     Pois/Air       ##....       4%          2    None
j - Mephitic Cloud        Conj/Pois/Air  ####....     1%          3    None

Your spell library contained the following spells:

 Spells                   Type           Power        Failure   Level  Hunger
 Venom Bolt               Conj/Pois      ####......   2%          5    ####...
 Olgreb's Toxic Radiance  Pois           ##......     8%          4    ##.....
 Summon Small Mammal      Summ           ##..         2%          1    None
 Summon Ice Beast         Ice/Summ       ###.....     26%         4    ##.....
 Call Imp                 Summ           ##......     4%          2    None
 Sting                    Conj/Pois      ####         1%          1    None
 Spider Form              Tmut/Pois      ##........   9%          3    None
 Blade Hands              Tmut           ##........   56%         5    ####...
 Ice Form                 Ice/Tmut       ###.....     26%         4    ##.....
 Sticks to Snakes         Tmut           ##......     4%          2    None
 Call Canine Familiar     Summ           ##......     9%          3    None
 Inner Flame              Hex/Fire       ####....     1%          3    None
 Beastly Appendage        Tmut           ##....       2%          1    None
 Summon Lightning Spire   Summ/Air       ##......     26%         4    ##.....
 Summon Guardian Golem    Hex/Summ       ##......     9%          3    None


Dungeon Overview and Level Annotations

Branches:
Dungeon (11/15)            Temple (1/1) D:6            Lair (0/6) D:9
    Orc (0/2) D:11

Altars:
Ashenzari
Cheibriados
Dithmenos
Elyvilon
Fedhas
Gozag
Hepliaklqana
Kikubaaqudgha
Makhleb
Nemelex Xobeh
Okawaru
Qazlal
Ru
Sif Muna
Trog
Uskayaw
Vehumet
Wu Jian
Xom
Yredelemnul
Zin
The Shining One

Shops:
D:4 [   D:6 [   D:10 *

Annotations:
D:11 Grum


Innate Abilities, Weirdness & Mutations

You can spit globs of acid.
You are resistant to acid.
Your golden yellow scales are hard. (AC +8)
You cannot fit into any form of body armour.
You are cold-blooded and may be slowed by cold attacks.


Message History

The flame tongue hits the sixfirhy.
The sixfirhy is lightly wounded.
The sixfirhy is engulfed in blazing flames.
The sixfirhy hits you! The sixfirhy shocks you!
The sixfirhy is engulfed in blazing flames.
The sixfirhy barely misses you.
The sixfirhy is engulfed in blazing flames.
The sixfirhy hits you. The sixfirhy shocks you!
* * * LOW HITPOINT WARNING * * *
The sixfirhy is engulfed in blazing flames.
The sixfirhy hits you.
* * * LOW HITPOINT WARNING * * *
The sixfirhy shocks you!
* * * LOW HITPOINT WARNING * * *
Okay, then.
The sixfirhy is engulfed in blazing flames.
The sixfirhy hits you!
* * * LOW HITPOINT WARNING * * *
The sixfirhy shocks you!
You die...

.....# #...........# #####.###
..#### #######'##### .. .# ####
####..# ##.#### ...# #....##
###5...... ...# ###'######
#55.g5.... ...#
#........###h#.3.h... ...#
#........##5K#....g.. ...#
###........##§##...4.h.
...####.'.......@##h# ....K..
..).....#........3§K# ....5K.
...######..<.....#### ..5..4l
#### ########## ....... ## ## .#
.# ########.## '#####
########.........#
.....###########................#


You could see a kobold demonologist and a sixfirhy.

Vanquished Creatures
  Erica (D:8)
  A hydra (D:11)
  4 two-headed ogres
  Pikel (D:8)
  An orc knight (D:10)
  An ugly thing (D:11)
  A cyclops (D:11)
  Maurice (D:8)
  Psyche (D:11)
  3 trolls
  2 queen bees
  A hippogriff (D:7)
  4 yaks (D:10)
  2 wyverns
  A basilisk (D:10)
  A water moccasin (D:11)
  Duvessa (D:6)
  5 sky beasts
  4 ice beasts
  5 orc warriors
  A black bear (D:6)
  A necrophage (D:10)
  A wolf (D:11)
  7 ogres
  6 phantoms
  A centaur (D:9)
  4 crocodiles
  2 big kobolds
  6 bullfrogs
  Dowan (D:6)
  A wyvern skeleton (D:7)
  2 scorpions
  38 killer bees
  6 wights
  4 howler monkeys
  A centaur zombie (D:6)
  6 crimson imps
  5 hounds
  A quasit (D:8)
  A jelly (D:9)
  A bullfrog zombie (D:5)
  7 orc priests
  6 orc wizards
  A centaur skeleton (D:4)
  9 worker ants
  3 iguanas (D:10)
  A hound skeleton (D:5)
  2 worker ant zombies
  11 adders
  2 shadow imps
  An adder zombie (D:10)
  2 dart slugs (D:2)
  3 leopard geckos (D:10)
  37 orcs
  5 giant cockroaches
  4 goblins
  8 hobgoblins
  3 jackals (D:6)
  26 kobolds
  4 quokkas
  5 bats
  4 frilled lizards
  3 rats
284 creatures vanquished.

Vanquished Creatures (others)
  A slave (D:8)
  A shadow imp (D:8)
  9 plants (D:10)
11 creatures vanquished.

Grand Total: 295 creatures vanquished

Notes
Turn   | Place    | Note
-------+----------+-------------------------------------------
     0 | D:1      | Kuinu the Draconian Fire Elementalist began the quest for the Orb.
     0 | D:1      | Reached XP level 1. HP: 14/14 MP: 3/3
   469 | D:1      | Reached XP level 2. HP: 20/20 MP: 1/5
   473 | D:1      | Learned a level 2 spell: Throw Flame
  1133 | D:2      | Noticed a howler monkey
  1280 | D:3      | Reached XP level 3. HP: 16/26 MP: 3/6
  1683 | D:2      | Learned a level 3 spell: Conjure Flame
  2004 | D:2      | Reached XP level 4. HP: 31/33 MP: 1/8
  2792 | D:4      | Noticed a phantom
  2817 | D:4      | Reached XP level 5. HP: 38/38 MP: 5/9
  3149 | D:4      | Found Bigilich's Antique Armour Shoppe.
  3180 | D:4      | Got a twisted short sword
  3182 | D:4      | Identified the cursed +0 short sword "Nasirirph" {pierce, +Blink rPois Dex+5} (You found it on level 4 of the Dungeon)
  3206 | D:4      | Bought a runed cloak for 202 gold pieces
  3316 | D:4      | Killed a phantom
  3316 | D:4      | Reached XP level 6. HP: 15/45 MP: 9/11
  3853 | D:5      | Entered Level 5 of the Dungeon
  4149 | D:5      | Noticed a sky beast
  4248 | D:5      | Killed a sky beast
  4248 | D:5      | Reached skill level 5 in Fire Magic
  4248 | D:5      | Your scales start taking on a golden yellow colour.
  4248 | D:5      | Reached XP level 7. HP: 35/50 MP: 0/13
  5383 | D:5      | Learned a level 4 spell: Sticky Flame
  5414 | D:6      | Found Soadakhe's Antique Armour Shop.
  5736 | D:6      | Reached skill level 5 in Conjurations
  5736 | D:6      | Reached XP level 8. HP: 57/57 MP: 0/15
  5861 | D:6      | Reached skill level 5 in Spellcasting
  6032 | D:6      | Noticed Duvessa
  6037 | D:6      | Noticed Dowan
  6039 | D:6      | Killed Duvessa
  6070 | D:6      | Killed Dowan
  6099 | D:6      | Found a staircase to the Ecumenical Temple.
  6463 | Temple   | Entered the Ecumenical Temple
  6552 | Temple   | Became a worshipper of Vehumet
  7382 | D:7      | Reached XP level 9. HP: 51/62 MP: 6/18
  7551 | D:7      | Reached * piety under Vehumet
  7551 | D:7      | Offered knowledge of Shock by Vehumet.
  7555 | D:7      | Learned a level 1 spell: Shock
  7561 | D:7      | Learned a level 5 spell: Fireball
  8406 | D:8      | Reached skill level 5 in Stealth
  8983 | D:8      | Noticed Pikel
  8997 | D:8      | Killed Pikel
  9170 | D:8      | Noticed a two-headed ogre
  9188 | D:8      | Killed a two-headed ogre
  9188 | D:8      | Reached XP level 10. HP: 55/69 MP: 7/21
  9369 | D:8      | Noticed Maurice
  9404 | D:8      | Killed Maurice
  9410 | D:8      | Noticed Erica
  9478 | D:8      | Killed Erica
  9734 | D:8      | Noticed a two-headed ogre
  9748 | D:8      | Killed a two-headed ogre
 10165 | D:9      | Reached ** piety under Vehumet
 10165 | D:9      | Offered knowledge of Magic Dart by Vehumet.
 10168 | D:9      | Learned a level 1 spell: Magic Dart
 10281 | D:9      | Noticed a two-headed ogre
 10454 | D:9      | Found a staircase to the Lair.
 10762 | D:9      | Killed a two-headed ogre
 10762 | D:9      | Reached XP level 11. HP: 74/74 MP: 9/23
 10935 | D:9      | Offered knowledge of Static Discharge by Vehumet.
 10940 | D:9      | Learned a level 3 spell: Static Discharge
 11027 | D:9      | Found a snail-covered altar of Cheibriados.
 11267 | D:10     | Entered Level 10 of the Dungeon
 11277 | D:10     | Noticed a two-headed ogre
 11289 | D:10     | Killed a two-headed ogre
 11296 | D:10     | Reached *** piety under Vehumet
 11568 | D:10     | Reached skill level 10 in Fire Magic
 11855 | D:10     | Offered knowledge of Fulminant Prism by Vehumet.
 12051 | D:10     | Found Xeydiah's General Store.
 12056 | D:10     | Noticed an orc knight
 12107 | D:10     | Killed an orc knight
 12116 | D:10     | Reached skill level 10 in Conjurations
 12402 | D:10     | Bought a +2 cloak of invisibility for 322 gold pieces
 12502 | D:10     | Learned a level 2 spell: Poisonous Vapours
 12506 | D:10     | Learned a level 3 spell: Mephitic Cloud
 12577 | D:11     | Noticed an eight-headed hydra
 12586 | D:11     | Killed an eight-headed hydra
 12812 | D:11     | Noticed a purple ugly thing
 12824 | D:11     | Killed a purple ugly thing
 12947 | D:11     | Reached **** piety under Vehumet
 12982 | D:11     | Offered knowledge of Stone Arrow by Vehumet.
 13393 | D:11     | Found a staircase to the Orcish Mines.
 13411 | D:11     | Noticed Psyche
 13419 | D:11     | Killed Psyche
 14339 | D:11     | Reached XP level 12. HP: 65/81 MP: 20/25
 14679 | D:11     | Noticed Grum
 14706 | D:11     | Slain by a sixfirhy

Vault maps used:
D:1:      minmay_arrival_up_and_down, lemuel_another_geyser
D:2:      first_ration
D:4:      serial_shops, nicolae_shop_behind_doors
D:6:      kennysheep_kobold_camp, serial_shops, nicolae_shop_crystal,
          portal_sewer_entry_d, uniq_duvessa
D:8:      uniq_erica, uniq_pikel, uniq_maurice
D:9:      old_standard_altar, lair_entry_dummy, david_nohive_1,
          minmay_splitting_lines
D:10:     cheibrodos_orc_bank, serial_shops,
          nicolae_shop_competitors_out_of_business, minmay_lizard_king
D:11:     orc_0_dummy, special_room, lab_entry_generic, uniq_grum, uniq_psyche
Temple:   compressed_dpeg_circular_temple

Skill      XL: |  1  2  3  4  5  6  7  8  9 10 11 |
---------------+----------------------------------+-----
Stealth        | 2 3 4 5 6 7 |  7.6
Conjurations   | 2 3 4 5 6 7 9 10 | 10.7
Spellcasting   | 3 4 6 7 8 9 |  9.9
Fire Magic     | 4 5 6 8 9 10 | 10.9
Dodging        | |  1.7

Action                   |  1- 3 |  4- 6 |  7- 9 | 10-12 || total
-------------------------+-------+-------+-------+-------++-------
Melee: Short sword       |    40 |    49 |   130 |    74 ||   293
       Tailslap          |     3 |    10 |    16 |     8 ||    37
       Staff             |       |       |       |    10 ||    10
 Cast: Flame Tongue      |    50 |    58 |   202 |   399 ||   709
       Throw Flame       |     1 |       |       |       ||     1
       Conjure Flame     |       |     1 |     7 |    22 ||    30
       Sticky Flame      |       |       |    17 |    39 ||    56
       Shock             |       |       |    24 |     2 ||    26
       Fireball          |       |       |       |    13 ||    13
       Magic Dart        |       |       |       |    16 ||    16
       Mephitic Cloud    |       |       |       |     1 ||     1
       Poisonous Vapours |       |       |       |     1 ||     1
 Abil: Breathe Acid      |       |       |     5 |     8 ||    13
  Use: Scroll            |       |     3 |       |    14 ||    17
       Potion            |       |     1 |     1 |     8 ||    10
 Stab: Sleeping          |       |     1 |       |       ||     1
  Eat: Ration            |     1 |       |     3 |     3 ||     7
       Chunk             |       |     7 |    11 |    15 ||    33
Armor: Skin              |    17 |    42 |    88 |    92 ||   239
Dodge: Dodged            |    50 |    44 |   144 |   141 ||   379

Table legend:
 A = Spawn XP
 B = Non-spawn XP
 C = Spawn XP percentage of total XP
 D = Spawn monster count
 E = Non-spawn monster count
 F = Spawn count percentage of total count
 G = Total turns spent on level
                    A         B        C        D         E        F      G
               +---------+---------+-------+---------+---------+-------+---------
         Total |       0 |   22286 |   0.0 |       0 |     284 |   0.0 | 14706
               +---------+---------+-------+---------+---------+-------+---------
           D:1 |       0 |      14 |   0.0 |       0 |       9 |   0.0 |  1117
           D:2 |       0 |      98 |   0.0 |       0 |      11 |   0.0 |  1194
           D:3 |       0 |      43 |   0.0 |       0 |      10 |   0.0 |   427
           D:4 |       0 |     274 |   0.0 |       0 |       9 |   0.0 |  1115
           D:5 |       0 |     619 |   0.0 |       0 |      16 |   0.0 |  1531
           D:6 |       0 |    1316 |   0.0 |       0 |      46 |   0.0 |  1676
           D:7 |       0 |    1268 |   0.0 |       0 |      21 |   0.0 |  1627
           D:8 |       0 |    4257 |   0.0 |       0 |      22 |   0.0 |  1083
           D:9 |       0 |    4036 |   0.0 |       0 |      43 |   0.0 |  1382
          D:10 |       0 |    4165 |   0.0 |       0 |      48 |   0.0 |  1248
          D:11 |       0 |    6196 |   0.0 |       0 |      49 |   0.0 |  2191
               +---------+---------+-------+---------+---------+-------+---------
